 Dungeon Crawl Stone Soup version 0.24.0-125-gc4c63601f3 (webtiles) character file.

Game seed: 17643808557379516435, levelgen mode: deterministic

72 Frank2 the Cudgeler (level 4, 0/34 HPs)
             Began as a Demonspawn Gladiator on Mar 18, 2020.
             Succumbed to a worker ant's poison
             ... on level 2 of the Dungeon.
             The game lasted 00:01:36 (1324 turns).

Frank2 the Cudgeler (Demonspawn Gladiator)          Turns: 1324, Time: 00:01:37

Health: 0/34       AC:  8    Str: 15    XL:     4   Next: 6%
Magic:  4/4        EV: 10    Int:  9    God:
Gold:   140        SH:  0    Dex: 15    Spells: 3/3 levels left

rFire    . . .     SeeInvis .   a - +0 flail
rCold    . . .     Gourm    .   (no shield)
rNeg     . . .     Faith    .   h - +0 scale mail
rPois    .         Spirit   .   c - +0 helmet
rElec    .         Reflect  .   e - +0 cloak
rCorr    .         Harm     .   (no gloves)
MR       .....                  (no boots)
Stlth    ..........             (no amulet)
HPRegen  0.11/turn              (no ring)
MPRegen  0.09/turn              (no ring)

@: lethally poisoned (0 -> -9), berserk cooldown, slowed, very slow
A: demonic guardian 1, powered by pain 1
a: no special abilities


You were on level 2 of the Dungeon.
You were hungry.

You visited 1 branch of the dungeon, and saw 2 of its levels.

You collected 140 gold pieces.

Inventory:

Hand Weapons
 a - a +0 flail (weapon)
Missiles
 d - 2 throwing nets (quivered)
Armour
 c - a +0 helmet (worn)
 e - a +0 cloak (worn)
 h - a +0 scale mail (worn)
Scrolls
 b - a scroll of remove curse {unknown}
 g - 2 scrolls of identify
Comestibles
 f - 7 rations


   Skills:
 + Level 2.3 Fighting
 + Level 3.7 Maces & Flails
 - Level 1.7 Throwing
 + Level 1.0 Armour
 + Level 3.1 Dodging


You had 3 spell levels left.
You didn't know any spells.
Your spell library was empty.

Dungeon Overview and Level Annotations

Branches:
Dungeon (2/15)

Altars:

Annotations:
D:2 Sigmund


Innate Abilities, Weirdness & Mutations

A weak demonic guardian rushes to your aid.
You sometimes gain a little power by taking damage.


Message History

* * * LOW HITPOINT WARNING * * *
You feel sick. The worker ant barely misses you.
Your shadow imp hits the worker ant.
You catch the helpless worker ant completely off-guard!
You thump the worker ant!
You kill the worker ant!
Your Armour skill increases to level 1!
You have reached level 4!
You feel stronger.
* * * LOW HITPOINT WARNING * * *
You feel sick.
Things that are here:
a throwing net; a worker ant corpse You feel a strong urge to attack something.
* * * LOW HITPOINT WARNING * * *
You feel sick.
You feel your anger nearly subside.
You are no longer berserk.
You are exhausted.
You feel yourself slow down.
You die...

#.. #.. ...
#########.#
#.....@.#.#
#.#####.#r# #5#.#
#########
#####(#.#####........
#.
#.....r.....#.######.
..
....#.#....##.#.####
#. #.# #.
...#.....#......# #.
#.#
.........####.##.# #.
..# #########.##
#.##.###.


You could see a quokka and a friendly shadow imp.

Vanquished Creatures
  A worker ant (D:2)
  An adder (D:2)
  2 oozes (D:1)
  2 leopard geckos (D:1)
  2 ball pythons (D:1)
  3 giant cockroaches (D:1)
  5 goblins
  4 hobgoblins
  5 bats
  3 frilled lizards
  A kobold (D:2)
  2 rats (D:1)
31 creatures vanquished.

Notes
Turn   | Place    | Note
-------+----------+-------------------------------------------
     0 | D:1      | Frank2 the Demonspawn Gladiator began the quest for the
                  | Orb.
     0 | D:1      | Reached XP level 1. HP: 16/16 MP: 1/1
   236 | D:1      | Gained mutation: You sometimes gain a little power by
                  | taking damage. [demonic ancestry]
   236 | D:1      | Reached XP level 2. HP: 22/22 MP: 2/2
   271 | D:1      | Gained mutation: A weak demonic guardian rushes to your
                  | aid. [demonic ancestry]
   271 | D:1      | Reached XP level 3. HP: 17/27 MP: 3/3
  1066 | D:2      | Noticed Sigmund
  1319 | D:2      | HP: 2/40 [poisoned by a worker ant]
  1320 | D:2      | Reached skill level 1 in Armour
  1320 | D:2      | Reached XP level 4. HP: 3/34 MP: 4/4
  1324 | D:2      | Succumbed to a worker ant's poison

Levels and vault maps discovered:
D:1:      dpeg_cavernosity, layout_rooms, st_stairs_4
D:2:      layout_loops_corners, uniq_sigmund

Skill      XL: |  1  2  3 |
---------------+----------+-----
Maces & Flails | 3 |  3.7
Dodging        | 3 |  3.1
Armour         | 1 |  1.0
Fighting       | |  2.3
Throwing       | |  1.7

Action                   |  1- 3 |  4- 6 || total
-------------------------+-------+-------++-------
Melee: Flail             |   127 |       ||   127
Throw: Throwing net      |     1 |       ||     1
  Use: Scroll            |     2 |       ||     2
       Potion            |     1 |       ||     1
 Stab: Distracted        |     1 |       ||     1
  Eat: Chunk             |     1 |       ||     1
Armor: Leather armour    |    26 |       ||    26
       Scale mail        |    39 |       ||    39
Dodge: Dodged            |   104 |       ||   104
